 Dungeon Crawl Stone Soup version 0.30-a0-2-gf48d83f5e2 (webtiles) character file.

Game seed: 1745675021374252873

184 SensoryNuts the Trooper (level 5, -1/44 HPs)
             Began as a Palentonga Fighter on Aug 20, 2022.
             Killed from afar by an electric eel (11 damage)
             ... with a bolt of electricity
             ... on level 3 of the Dungeon.
             The game lasted 00:04:16 (3055 turns).

SensoryNuts the Trooper (Palentonga Fighter)        Turns: 3055, Time: 00:04:18

Health: -1/44      AC:  8    Str: 23    XL:     5   Next: 36%
Magic:  5/5        EV:  7    Int:  8    God:
Gold:   127        SH:  4    Dex: 10    Spells: 4/4 levels left

rFire   . . .      SeeInvis +    a - +0 flail
rCold   . . .      Faith    .    c - +0 buckler
rNeg    . . .      Spirit   .    b - +0 scale mail
rPois   .          Reflect  .    (no helmet)
rElec   .          Harm     .    i - +0 cloak
rCorr   .          Rampage  .    (no gloves)
Will    .....                    (no barding)
Stlth   ..........               (no amulet)
HPRegen 0.14/turn                (no ring)
MPRegen 0.09/turn                (no ring)

@: no status effects
A: large, rugged brown scales 3, see invisible, deformed body, roll 1, armoured
tail
a: Rolling Charge


You were on level 3 of the Dungeon.
You visited 1 branch of the dungeon, and saw 3 of its levels.

You collected 127 gold pieces.

Inventory:

Hand Weapons
 a - a +0 flail (weapon)
Armour
 b - a +0 scale mail (worn)
 c - a +0 buckler (worn)
 i - a +0 cloak (worn)
Jewellery
 f - a +4 ring of protection
 g - a ring of positive energy
Scrolls
 d - a scroll of butterflies
 e - a scroll of teleportation
 h - a scroll of amnesia
Potions
 j - a potion of resistance


   Skills:
 + Level 3.7 Fighting
 + Level 3.5 Maces & Flails
 + Level 3.4 Armour
 + Level 0.7 Dodging
 + Level 3.1 Shields


You had 4 spell levels left.
You didn't know any spells.
Your spell library contained the following spells:

 Spells                   Type           Power      Damage    Failure   Level
 Apportation              Tloc           0%         N/A       80%         1
 Necrotise                Necr           0%         1d4       80%         1
 Summon Small Mammal      Summ           0%         N/A       80%         1


Dungeon Overview and Level Annotations

Branches:
Dungeon (3/15)

Altars:
Uskayaw

Annotations:
D:3 1 transporter


Innate Abilities, Weirdness & Mutations

You are completely covered in rugged brown scales. (AC +3, +7% HP)
You have supernaturally acute eyesight. (SInv)
Armour fits poorly on your strangely shaped body.
You can roll at nearby foes to attack.
You have a long armoured tail.


Message History

No target in view!
No target in view!
No target in view!
Okay, then.
Found 6 stones.
You see here a ball python corpse.
Key pressed, stopping explore.
Key pressed, stopping explore.
You see here 6 stones.
Key pressed, stopping explore.
No target in view!
No target in view!
No target in view!
No target in view!
Key pressed, stopping explore.
Found a stone staircase leading up.
There is a stone staircase leading up here.
You now have 127 gold pieces (gained 14).
Partly explored, unvisited transporter.
Partly explored, unvisited transporter.
No target in view!
Partly explored, unvisited transporter.
Partly explored, unvisited transporter.
Partly explored, unvisited transporter.
Partly explored, unvisited transporter.
Partly explored, unvisited transporter.
Partly explored, unvisited transporter.
There is a transporter here.
You enter the transporter and appear at another place.
You open the door.
The electric eel shoots out a bolt of lightning at you!
The bolt of electricity hits you!
The bolt of electricity hits the plant!
The plant begins to die.
The bolt of electricity hits the plant!
The electric eel shoots out a bolt of lightning at you!
The bolt of electricity hits you! x2; The bolt of electricity hits the plant!
The electric eel shoots out a bolt of lightning at you!
The bolt of electricity hits you.
* * * LOW HITPOINT WARNING * * *
The bolt of electricity hits you!
You die...

.......##....###+###.##.........#
#...#####....#~...~#.##.........#
#...#####....#~...~#.##......##.#
........#....#~...~#.##..........
#..<###......#~.♣.~#.##......#♣♣♣
#...#........#~...~#.##......♣♣♣♣
#...#........#S...~#.##.....♣~~PP
#...#........#S...S#.##.###P♣~~~P
#...#........###@###.##.#~~♣~~~~~
#####........#P./.P#.##..P~~~....
#........#8.©.8#.###.........
#........#######.# ##...~..~.
#...........©....# #..~~P.~~
#.........#...#######..♣~PP~P
#.......#.##.##.......##~~P~~
#.......#....##......####~~P~
#.......###...#......# #♣~~~


You could see 3 electric eels.

Vanquished Creatures
  A kobold brigand (D:3)
  An orc priest (D:3)
  3 adders
  A worm (D:3)
  8 orcs (D:3)
  6 ball pythons
  5 bats
  8 endoplasms
  A giant cockroach (D:2)
  A goblin (D:2)
  5 hobgoblins
  2 jackals (D:2)
  4 kobolds
  2 quokkas (D:2)
  3 rats
51 creatures vanquished.

Vanquished Creatures (others)
  A plant (D:3)
1 creature vanquished.

Grand Total: 52 creatures vanquished

Notes
Turn   | Place    | Note
-------+----------+-------------------------------------------
     0 | D:1      | SensoryNuts the Palentonga Fighter began the quest for the
                  | Orb.
     0 | D:1      | Reached XP level 1. HP: 19/19 MP: 1/1
   390 | D:1      | Reached XP level 2. HP: 22/25 MP: 2/2
   437 | D:1      | Found a faded altar of an unknown god.
  1196 | D:2      | Reached XP level 3. HP: 28/31 MP: 3/3
  1792 | D:3      | Found a transporter.
  1813 | D:3      | Found a transporter.
  1832 | D:3      | Found a hide-covered altar of Uskayaw.
  1957 | D:3      | Reached XP level 4. HP: 22/37 MP: 4/4
  2433 | D:3      | Noticed a kobold brigand
  2444 | D:3      | Killed a kobold brigand
  2445 | D:3      | Reached XP level 5. HP: 6/44 MP: 5/5
  3055 | D:3      | Killed from afar by an electric eel

Illustrated notes

Levels and vault maps discovered:
D:1:      eino_arrival_water_star, layout_loops_ring,
          shapermc_ecumenical_altar_starsandcircs, st_stairs_1,
          minmay_misc_feat_rugged
D:2:      layout_basic
D:3:      gammafunk_steamed_eel, layout_basic, mainiacjoe_overflow_catwalk,
          serial_bayou_ford_a, hangedman_decor_riveting

Skill      XL: |  1  2  3 |
---------------+----------+-----
Shields        | 3 |  3.1
Maces & Flails | 3 |  3.5
Armour         | 3 |  3.4
Fighting       | |  3.7
Dodging        | |  0.7

Action                   |  1- 3 |  4- 6 || total
-------------------------+-------+-------++-------
Melee: Flail             |   110 |    27 ||   137
       Tailslap          |    13 |     2 ||    15
 Abil: Rolling Charge    |       |     1 ||     1
  Use: Scroll            |     4 |     2 ||     6
       Potion            |     3 |     2 ||     5
Armor: Scale mail        |    71 |     9 ||    80
Dodge: Dodged            |    48 |    12 ||    60
Block: Buckler           |    24 |     6 ||    30

Table legend: (Time is in decaauts)
 A = Elapsed time spent in this place.
 B = Non-inter-level travel time spent in this place.
 C = Inter-level travel time spent in this place.
 D = Time resting spent in this place.
 E = Time spent auto-exploring this place.
 F = Levels seen in this place.
 G = Mean time per level.
                   A        B        C        D        E       F      G
               +--------+--------+--------+--------+--------+-----+--------+
         Total |   3092 |   2972 |    120 |      0 |   2591 |   3 | 1030.7 |
       Dungeon |   3092 |   2972 |    120 |      0 |   2591 |   3 | 1030.7 |
               +--------+--------+--------+--------+--------+-----+--------+

Top non-repeatable levels by time:
     D:3: 1628 daAuts
     D:1: 1043 daAuts
     D:2: 420 daAuts
